 Dungeon Crawl Stone Soup version 0.23-a0-550-g7de1f8e (webtiles) character file.

37 Lavandula the Cutter (level 3, -1/23 HPs)
             Began as a Halfling Enchanter on Dec 9, 2018.
             Slain by Sigmund
             ... wielding a cursed +0 scythe
              (6 damage)
             ... on level 3 of the Dungeon.
             The game lasted 00:04:39 (1188 turns).

Lavandula the Cutter (Halfling Enchanter)           Turns: 1188, Time: 00:04:40

Health: -1/23      AC:  2    Str:  9    XL:     3   Next: 62%
Magic:  4/5        EV: 15    Int: 14    God:
Gold:   90         SH:  0    Dex: 14    Spells: 2/5 levels left

rFire    + . .     SeeInvis .   a - +1 dagger
rCold    . . .     Gourm    .   (shield restricted)
rNeg     . . .     Faith    .   b - +0 robe
rPois    .         Spirit   .   (no helmet)
rElec    .         Reflect  .   (no cloak)
rCorr    .         Harm     .   (no gloves)
MR       .....                  (no boots)
Stlth    ++........             (no amulet)
HPRegen  0.07/turn              h - ring of protection from fire
MPRegen  0.09/turn              (no ring)

@: no status effects
A: small, mutation resistance 1
a: no special abilities


You were on level 3 of the Dungeon.
You were not hungry.

You visited 1 branch of the dungeon, and saw 3 of its levels.

You collected 90 gold pieces.

Inventory:

Hand Weapons
 a - a +1 dagger (weapon)
Armour
 b - a +0 robe (worn)
Jewellery
 h - a ring of protection from fire (left hand)
Scrolls
 c - a scroll of immolation {unknown}
 e - 3 scrolls of identify {unknown}
 f - a scroll of enchant weapon {unknown}
Potions
 i - a potion of curing {unknown}
Comestibles
 d - 4 rations


   Skills:
 + Level 1.1 Fighting
 - Level 3.4 Short Blades
 - Level 2.1 Dodging
 - Level 3.2 Stealth
 - Level 1.5 Spellcasting
 - Level 2.4 Hexes


You had 2 spell levels left.
You knew the following spells:

 Your Spells              Type           Power        Failure   Level  Hunger
a - Corona                Hex            #......      10%         1    ##.....
b - Ensorcelled Hibernat  Hex/Ice        #.....       22%         2    ###....

Your spell library contained the following spells:

 Spells                   Type           Power        Failure   Level  Hunger
 Confuse                  Hex            #.......     28%         3    ####...
 Tukima's Dance           Hex            #.......     28%         3    ####...
 Dazzling Spray           Conj/Hex       #.....       41%         3    ####...


Dungeon Overview and Level Annotations

Branches:
Dungeon (3/15)

Altars:
Dithmenos
Sif Muna

Annotations:
D:3 Sigmund, Terence


Innate Abilities, Weirdness & Mutations

You are small and have problems with some larger weapons.
You are somewhat resistant to further mutation.


Message History

Sigmund casts a spell at you.
You are more confused.
Terence screams, "I'm going to kill you!"
Sigmund gestures wildly while chanting.
Sigmund flickers and vanishes!
Deactivating autopickup; reactivate with Ctrl-A.
You barely miss something. Something hits you!
You bump into the rock wall.
You closely miss something. You closely miss something.
Something barely misses you. The rat bites you but does no damage.
You hit something but do no damage. The rat misses you.
You miss something.
You feel less confused. Something hits you. The rat bites you.
* * * LOW HITPOINT WARNING * * *
You barely miss something. The rat bites you.
* * * LOW HITPOINT WARNING * * *
Something hits you.
You die...

....... ...#..r .@.....
....... ..#.# %.....#.
##.#.# #######.......<
....# ######.....#......#..
#.#.#
..........{r@.....#..##.#.#
####.####.@#..!...........#
#.##.........#..#.# #.#
..###.......... #.+ ...
...>.#..#.# ... #.## #
#....#.# #.. .. #....#.#
#.. .. #....#.# #. #.#..#.#
#.#.....


You could see Terence and a rat.

Vanquished Creatures
  2 adders
  A leopard gecko (D:2)
  2 giant cockroaches (D:2)
  3 goblins
  2 hobgoblins
  2 jackals (D:2)
  A bat (D:2)
  A frilled lizard (D:3)
  4 kobolds
  2 rats
20 creatures vanquished.

Notes
Turn   | Place    | Note
-------+----------+-------------------------------------------
     0 | D:1      | Lavandula the Halfling Enchanter began the quest for the
                  | Orb.
     0 | D:1      | Reached XP level 1. HP: 11/11 MP: 3/3
   184 | D:3      | Found a deep blue altar of Sif Muna.
   184 | D:3      | Found a shadowy altar of Dithmenos.
   196 | D:3      | Reached XP level 2. HP: 12/17 MP: 2/4
   279 | D:2      | Learned a level 2 spell: Ensorcelled Hibernation
   709 | D:2      | Reached XP level 3. HP: 11/21 MP: 5/5
  1074 | D:2      | Reached skill level 1 in Fighting
  1165 | D:3      | Noticed Sigmund
  1165 | D:3      | Noticed Terence
  1188 | D:3      | Slain by Sigmund

Vault maps used:
D:1:      nicolae_arrival_washed_ashore, serial_park_tiny_1
D:2:      first_ration, minmay_misc_feat_rugged
D:3:      gammafunk_temple_overflow_wave, old_standard_altar, uniq_grinder,
          uniq_sigmund, uniq_terence

Skill      XL: |  1  2  3 |
---------------+----------+-----
Short Blades   | 2 3 |  3.4
Fighting       | 1 |  1.1
Dodging        | |  2.1
Stealth        | |  3.2
Spellcasting   | |  1.5
Hexes          | |  2.4

Action                   || total
-------------------------++-------
Melee: Dagger            ||   104
 Cast: Corona            ||     2
       Ensorcelled Hiber ||     6
  Use: Potion            ||     2
 Stab: Sleeping          ||     6
  Eat: Chunk             ||     2
Armor: Robe              ||    10
Dodge: Dodged            ||    67

Table legend:
 A = Non-vault XP
 B = Vault XP
 C = Vault XP percentage of total XP
 D = Non-vault monster count
 E = Vault monster count
 F = Vault count percentage of total count
                 A         B        C        D         E       F
            +---------+---------+-------+---------+---------+-------
      Total |      54 |       0 |   0.0 |      20 |       0 |   0.0
            +---------+---------+-------+---------+---------+-------
        D:1 |       2 |       0 |   0.0 |       1 |       0 |   0.0
        D:2 |      34 |       0 |   0.0 |      14 |       0 |   0.0
        D:3 |      18 |       0 |   0.0 |       5 |       0 |   0.0
            +---------+---------+-------+---------+---------+-------
